 Seeded DCSS version 0.29.1-13-g9f3cf754e1 (webtiles) character file.

Game seed: 1 (custom seed)

113708 Kazon the Prestidigitator (level 16, -7/136 HPs)
             Began as a Pale Draconian Fighter on Jan 31, 2023.
             Was the Champion of Okawaru.
             Mangled by a culicivora (28 damage)
             ... on level 4 of the Spider Nest.
             The game lasted 02:18:16 (19159 turns).

Kazon the Prestidigitator (Pale Draconian Fighter) Turns: 19159, Time: 02:18:18

Health: -7/136     AC: 15    Str: 17    XL:     16   Next: 14%
Magic:  18/24      EV: 22    Int: 14    God:    Okawaru [******]
Gold:   795        SH: 15    Dex: 22    Spells: 15/15 levels left

rFire   + + +      SeeInvis +   f - +2 Maxwell's thermic engine {flame, freeze}
rCold   . . .      Faith    .   c - +1 kite shield {reflect}
rNeg    + . .      Spirit   .   (body armour unavailable)
rPois   +          Reflect  +   L - +0 hat
rElec   +          Harm     .   O - +1 cloak "Coreq" {rN+ Str-5 Int+3 Slay+2}
rCorr   .          Rampage  .   d - +0 pair of gloves of True Grit {rElec Str+3}
Will    +....                   l - +2 pair of boots
Stlth   +++++++...              Q - amulet "Odemouw" {Contam rPois rF+++ Regen+ Stlth+}
HPRegen 1.12/turn               K - ring of see invisible
MPRegen 0.19/turn               U - +6 ring of dexterity

@: heroic, finesse-ful, slowed, very slow
A: breathe steam, AC +9, unfitting armour, cold-blooded, steam resistance
a: Breathe Steam, Renounce Religion, Heroism, Finesse, Duel


You were on level 4 of the Spider Nest.
You worshipped Okawaru.
Okawaru was exalted by your worship.
You visited 4 branches of the dungeon, and saw 23 of its levels.

You collected 1755 gold pieces.
You spent 960 gold pieces at shops.

Inventory:

Hand Weapons
 e - the +7 rapier of the Gloaming {vorpal, rCorr Str+3 Stlth+}
   (Okawaru gifted it to you on level 5 of the Lair of Beasts)

   It inflicts extra damage upon your enemies.
   Str:       It affects your strength (+3).
   rCorr:     It protects you from acid and corrosion.
   Stlth:     It makes you more stealthy.
 f - the +2 Maxwell's thermic engine (weapon) {flame, freeze}
   (You found it on level 1 of the Lair of Beasts)

   It burns those it strikes, dealing additional fire damage.
   Big, fiery blades are also staple armaments of hydra-hunters.
   It freezes those it strikes, dealing additional cold damage.
   It can also slow down cold-blooded creatures.
   It becomes more effective when it hits something.
   This effect fades over time.
 s - the +3 falchion of Winter {venom, rCorr}
   (You bought it in a shop on level 3 of the Dungeon)

   It poisons the flesh of those it strikes.
   rCorr:     It protects you from acid and corrosion.
Missiles
 j - 5 datura-tipped darts
 o - 24 boomerangs
 y - 6 curare-tipped darts
 F - 33 poisoned darts (quivered)
 T - a javelin
Armour
 c - a +1 kite shield of reflection (worn)
 d - the +0 pair of gloves of True Grit (worn) {rElec Str+3}
   (Okawaru gifted it to you on level 1 of the Spider Nest)

   Str:       It affects your strength (+3).
   rElec:     It insulates you from electricity.
 l - a +2 pair of boots (worn)
 L - a +0 hat (worn)
 M - a scarf of resistance
 O - the +1 cloak "Coreq" (worn) {rN+ Str-5 Int+3 Slay+2}
   (Okawaru gifted it to you on level 5 of the Lair of Beasts)

   Str:       It affects your strength (-5).
   Int:       It affects your intelligence (+3).
   Slay:      It affects your accuracy & damage with ranged weapons and melee
   (+2).
   rN:        It protects you from negative energy.
 R - the +1 pair of gloves of Relativism {Rampage rPois rN+++ Dex-5}
   (Okawaru gifted it to you on level 3 of the Spider Nest)

   Dex:       It affects your dexterity (-5).
   rPois:     It protects you from poison.
   rN:        It renders you almost immune to negative energy.
   Rampage:   It bestows one free step when moving towards enemies.
Jewellery
 D - a ring of protection from cold
 J - a ring of protection from cold
 K - a ring of see invisible (left hand)
 Q - the amulet "Odemouw" (around neck) {Contam rPois rF+++ Regen+ Stlth+}
   (You bought it in a shop on level 8 of the Dungeon)

   [amulet of regeneration]

   rF:        It renders you almost immune to fire.
   rPois:     It protects you from poison.
   Contam:    It causes magical contamination when unequipped.
   Regen:     It increases your rate of health regeneration.
   Stlth:     It makes you more stealthy.
 U - a +6 ring of dexterity (right hand)
Wands
 h - a wand of roots (11)
 x - a wand of mindburst (32)
 z - a wand of flame (51)
 B - a wand of paralysis (23)
 N - a wand of polymorph (11)
Scrolls
 i - 2 scrolls of identify
 m - 4 scrolls of immolation
 p - 3 scrolls of poison {unknown}
 r - 6 scrolls of teleportation
 u - 2 scrolls of magic mapping
 w - 4 scrolls of fog
 C - 5 scrolls of enchant weapon
 E - 3 scrolls of fear
 H - 2 scrolls of silence
 W - 2 scrolls of brand weapon
Potions
 a - 2 potions of ambrosia {unknown}
 b - 4 potions of berserk rage {unknown}
 g - 3 potions of flight
 k - 5 potions of might
 n - 4 potions of haste
 q - a potion of heal wounds
 t - 11 potions of lignification {unknown}
 v - a potion of resistance
 A - 3 potions of cancellation
 G - 9 potions of curing
 S - a potion of invisibility
Miscellaneous
 I - a condenser vane (inert)
 P - a phial of floods
 X - a lightning rod (4/4)


   Skills:
 + Level 10.8(15.8) Fighting
 + Level 6.0(14.4) Short Blades
 + Level 11.3(16.9) Long Blades
 + Level 10.6(15.6) Polearms
 + Level 7.0(12.0) Throwing
 + Level 9.1(14.1) Dodging
 + Level 9.8(14.8) Stealth
 + Level 9.1(14.1) Shields
 * Level 11.6 Invocations
 * Level 12.5 Evocations


You had 15 spell levels left.
You didn't know any spells.
Your spell library contained the following spells:

 Spells                   Type           Power      Damage    Failure   Level
 Apportation              Tloc           0%         N/A       47%         1
 Magic Dart               Conj           0%         1d3       47%         1
 Necrotise                Necr           0%         1d4       47%         1
 Sting                    Tmut/Pois      0%         1d3       47%         1
 Poisonous Vapours        Pois/Air       0%         N/A       63%         2
 Dazzling Flash           Conj/Hex       0%         N/A       85%         3
 Mephitic Cloud           Conj/Pois/Air  0%         N/A       85%         3
 Ozocubu's Armour         Ice            0%         N/A       85%         3
 Iskenderun's Mystic Bla  Conj/Tloc      0%         2d3       99%         4
 Olgreb's Toxic Radiance  Pois           0%         N/A       99%         4
 Blade Hands              Tmut           0%         N/A       100%        5
 Fireball                 Conj/Fire      0%         3d3       100%        5
 Iskenderun's Battlesphe  Conj           0%         2d6       100%        5
 Metabolic Englaciation   Hex/Ice        0%         N/A       100%        5
 Conjure Ball Lightning   Conj/Air       0%         3x3d6     100%        6
 Iron Shot                Conj/Erth      0%         9d1       100%        6
 Starburst                Conj/Fire      0%         6d3       100%        6
 Orb of Destruction       Conj           0%         9d5       100%        7
 Ozocubu's Refrigeration  Ice            0%         4d7       100%        7
 Summon Small Mammal      Summ           Unusable   N/A       N/A         1
 Call Imp                 Summ           Unusable   N/A       N/A         2
 Animate Armour           Summ/Erth      Unusable   N/A       N/A         4
 Simulacrum               Ice/Necr       Unusable   N/A       N/A         6

Dungeon Overview and Level Annotations

Branches:
Dungeon (13/15)            Temple (1/1) D:7            Lair (5/5) D:10
 Shoals (0/4) Lair:3       Spider (4/4) Lair:3        Slime (0/5) Lair:4
    Orc (0/2) D:12         Vaults (0/5) D:13

Altars:
Ashenzari
Dithmenos
Elyvilon
Gozag
Hepliaklqana
Kikubaaqudgha
Makhleb
Nemelex Xobeh
Okawaru
Uskayaw
Xom
Jiyva

Shops:
D:3 (   D:8 ?(==   D:10 :   D:13 !

Annotations:
Spider:4 Mara


Innate Abilities, Weirdness & Mutations

You can breathe blasts of scalding, opaque steam.
Your pale cyan-grey scales are hard. (AC +9)
You cannot fit into any form of body armour.
You are cold-blooded and may be slowed by cold attacks.
You are immune to the effects of steam.


Message History

A torpor snail comes into view.
Being near the torpor snail leaves you feeling lethargic.
The moth of wrath bites you but does no damage.
You slash the moth of wrath! You burn the moth of wrath.
You freeze the moth of wrath. You tail-slap the moth of wrath.
You kill the moth of wrath!
Okawaru accepts your kill. You block the culicivora's attack.
You block the emperor scorpion's attack.
The emperor scorpion misses you.
You block the emperor scorpion's attack.
The culicivora bites you!
* * * LOW HITPOINT WARNING * * *
The culicivora draws strength from your injuries!
The redback misses you. The emperor scorpion misses you.
The emperor scorpion claws you but does no damage. x2
The culicivora bites you!!
* * * LOW HITPOINT WARNING * * *
The culicivora draws strength from your injuries!
You feel much better. You block the redback's attack.
The culicivora misses you. The emperor scorpion misses you. x3
The redback barely misses you. You block the culicivora's attack.
The emperor scorpion closely misses you.
The emperor scorpion claws you!
* * * LOW HITPOINT WARNING * * *
The emperor scorpion completely misses you.
The redback bites you but does no damage.
The culicivora misses you.
The emperor scorpion closely misses you.
You block the emperor scorpion's attack.
The emperor scorpion closely misses you.
The redback bites you but does no damage.
You can now deal lightning-fast blows.
You block the culicivora's attack. You block the redback's attack.
The culicivora misses you.
You block the emperor scorpion's attack.
The emperor scorpion claws you but does no damage.
The emperor scorpion misses you. The redback misses you.
The culicivora bites you!!
You die...

##........#.....#
###.....^#.....#
#####..#.....#
#....#...#.#
##..##...#.#
##.#....###
###......#
####....#
#.....@.#
####^sss# #.w..#
#....# ....###
..... ..#.... #
#.... ##...


You could see an emperor scorpion (berserk), a torpor snail, a culicivora
(berserk) and a redback (berserk).

Vanquished Creatures
  Rupert (D:12)
  3 emperor scorpions
  2 ghost moths
  2 broodmothers
  Nessos (D:12)
  3 spark wasps (Spider:3)
  2 entropy weavers
  A fire dragon (D:13)
  2 boulder beetles
  Fannar (Lair:2)
  2 hydras (D:13)
  Erolcha (D:10)
  4 catoblepae
  A vault guard (D:13)
  3 centaur warriors (D:13)
  3 two-headed ogres
  10 death yaks
  4 skeletal warriors (D:13)
  6 pharaoh ants (Spider:3)
  A fire crab (D:13)
  A sun moth (Spider:1)
  Lodul (D:12)
  6 steelbarb worms
  5 spectral wolf spiders (Spider:1)
  4 orb spiders
  6 wolf spider zombies (Spider:1)
  A cyclops (D:12)
  A deep elf pyromancer (D:13)
  17 wolf spiders
  2 ugly things
  5 elephants (Lair:4)
  4 manticores
  2 moths of wrath
  5 black mambas
  10 cane toads
  7 torpor snails
  Maggie (D:6)
  4 rime drakes
  2 unseen horrors
  4 kobold demonologists (D:11)
  15 komodo dragons
  10 demonic crawlers
  A tengu conjurer (D:12)
  4 trolls
  Prince Ribbit (D:9)
  A meliai (shapeshifter) (D:13)
  17 tarantellas
  A polar bear (Lair:4)
  2 wolf spider simulacra (Spider:1)
  17 blink frogs
  5 dream sheep (Lair:4)
  A snapping turtle (Lair:3)
  2 shadows
  21 jumping spiders
  2 vampires
  2 wraiths (D:12)
  63 yaks
  18 culicivoras
  2 fire elementals
  5 wyverns
  4 basilisks
  Eustachio (D:5)
  36 redbacks
  2 steam dragons
  4 vampire mosquitoes (D:13)
  Menkaure (D:5)
  Edmund (D:6)
  2 acid dragons
  15 water moccasins
  2 hell hounds (D:13)
  5 orc warriors
  An ice beast (D:8)
  5 sky beasts
  2 black bears (D:6)
  5 centaurs
  7 ogres
  A wolf (D:10)
  2 phantoms (D:6)
  3 kobold brigands
  3 necrophages
  6 bullfrogs
  A gnoll sergeant (D:7)
  10 scorpions
  21 wights
  3 killer bees (D:10)
  3 electric eels
  A howler monkey (D:5)
  2 jellies (D:6)
  6 hounds
  7 orc priests
  A gnoll bouda (D:7)
  6 iguanas
  4 orc wizards
  4 hell rats
  Robin (D:3)
  15 gnolls
  13 adders
  3 shadow imps
  2 white imps (D:7)
  An ufetubus (D:5)
  4 worms
  37 orcs
  11 endoplasms
  3 giant cockroaches
  16 goblins
  9 hobgoblins
  A jackal (D:4)
  27 kobolds
  2 quokkas
  4 ball pythons
  4 bats
  3 frilled lizards
  6 rats
670 creatures vanquished.

Vanquished Creatures (others)
  24 fungi
  40 plants
64 creatures vanquished.

Grand Total: 734 creatures vanquished

Notes
Turn   | Place    | Note
-------+----------+-------------------------------------------
     0 | D:1      | Kazon the Draconian Fighter began the quest for the Orb.
     0 | D:1      | Reached XP level 1. HP: 19/19 MP: 1/1
    32 | D:1      | Identified a scroll of acquirement
    32 | D:1      | Acquired the +5 glaive of the Guard {elec, spectral, AC+5}
    32 | D:1      | Found the +5 glaive of the Guard {elec, spectral, AC+5}
   367 | D:1      | Reached XP level 2. HP: 26/26 MP: 2/2
  1076 | D:2      | Reached XP level 3. HP: 27/33 MP: 3/3
  1409 | D:2      | Reached XP level 4. HP: 40/40 MP: 4/4
  1514 | D:3      | Found Umat's Antique Weapon Boutique.
  1541 | D:3      | Bought a crude falchion for 184 gold pieces
  1541 | D:3      | Identified the +3 falchion of Winter {venom, rCorr} (You
                  | bought it in a shop on level 3 of the Dungeon)
  1723 | D:3      | Reached skill level 1 in Polearms
  1726 | D:3      | Noticed Robin
  1739 | D:3      | Killed Robin
  1780 | D:3      | Reached XP level 5. HP: 46/46 MP: 5/5
  1994 | D:3      | Reached skill level 5 in Long Blades
  1994 | D:3      | Reached skill level 5 in Stealth
  1994 | D:3      | Reached skill level 5 in Shields
  1994 | D:3      | Reached XP level 6. HP: 57/57 MP: 6/6
  2663 | D:4      | Your scales start taking on a pale cyan-grey colour.
  2663 | D:4      | Reached XP level 7. HP: 63/63 MP: 7/7
  2663 | D:4      | Gained mutation: You are immune to the effects of steam.
                  | [Pale Draconian growth]
  2833 | D:4      | Found a hazy altar of Hepliaklqana.
  3032 | D:5      | Entered Level 5 of the Dungeon
  3058 | D:5      | Noticed Eustachio
  3067 | D:5      | Killed Eustachio
  3070 | D:5      | Reached skill level 5 in Dodging
  3070 | D:5      | Reached skill level 1 in Evocations
  3096 | D:5      | Reached XP level 8. HP: 68/70 MP: 8/8
  3218 | D:5      | Noticed Menkaure
  3225 | D:5      | Killed Menkaure
  3226 | D:5      | Reached skill level 5 in Polearms
  3381 | D:5      | Reached skill level 2 in Evocations
  4360 | D:7      | Found a staircase to the Ecumenical Temple.
  4370 | Temple   | Entered the Ecumenical Temple
  4379 | Temple   | Became a worshipper of Warmaster Okawaru
  4400 | D:7      | Reached XP level 9. HP: 70/75 MP: 9/9
  4428 | D:7      | Found a hide-covered altar of Uskayaw.
  4506 | D:6      | Reached * piety under Okawaru
  4507 | D:6      | Reached skill level 3 in Evocations
  4523 | D:6      | Reached skill level 1 in Invocations
  4645 | D:6      | Noticed Edmund
  4660 | D:6      | Killed Edmund
  4660 | D:6      | Reached ** piety under Okawaru
  4899 | D:6      | Noticed Maggie
  4923 | D:6      | Killed Maggie
  4924 | D:6      | Reached skill level 4 in Evocations
  5463 | D:7      | Reached XP level 10. HP: 84/84 MP: 11/11
  5589 | D:7      | Found a white marble altar of Elyvilon.
  5893 | D:8      | Found Quzidd's Magic Scroll Emporium.
  5911 | D:8      | Bought a scroll of teleportation for 42 gold pieces
  6090 | D:8      | Reached *** piety under Okawaru
  6209 | D:8      | Found Esumer's Weapon Shop.
  6555 | D:8      | Found Heidghoki's Jewellery Shop.
  6678 | D:8      | Found Zoxtaeshakh's Jewellery Boutique.
  6824 | D:9      | Noticed Prince Ribbit
  6839 | D:9      | Killed Prince Ribbit
  7250 | D:9      | Noticed a two-headed ogre
  7257 | D:9      | Killed a two-headed ogre
  7257 | D:9      | Reached **** piety under Okawaru
  7258 | D:9      | Reached skill level 5 in Evocations
  7284 | D:10     | Entered Level 10 of the Dungeon
  7405 | D:10     | Reached XP level 11. HP: 92/92 MP: 14/14
  7441 | D:10     | Identified the +5 long sword of the Land of Plenty {drain,
                  | Dex+3}
  7454 | D:10     | Noticed Erolcha
  7457 | D:10     | Killed Erolcha
  7522 | D:10     | Found a staircase to the Lair.
  7535 | D:10     | Reached ***** piety under Okawaru
  7599 | D:10     | Found Juagoaq's Book Shoppe.
  8000 | D:10     | Reached skill level 6 in Evocations
  8368 | D:11     | Noticed a green ugly thing
  8373 | D:11     | Killed a green ugly thing
  8374 | D:11     | Reached skill level 5 in Throwing
  8374 | D:11     | Reached skill level 5 in Invocations
  8468 | D:10     | Received a gift from Okawaru
  9341 | D:12     | Noticed Lodul
  9342 | D:12     | Reached skill level 7 in Evocations
  9349 | D:12     | Killed Lodul
  9352 | D:12     | Received a gift from Okawaru
  9353 | D:12     | Reached XP level 12. HP: 99/101 MP: 16/16
  9491 | D:8      | Bought the amulet "Odemouw" {Contam rPois rF+++ Regen+
                  | Stlth+} for 734 gold pieces
  9560 | Lair:1   | Entered Level 1 of the Lair of Beasts
  9681 | Lair:1   | Found the +2 Maxwell's thermic engine {flame, freeze}
 10282 | Lair:2   | Noticed a catoblepas
 10287 | Lair:2   | Noticed Fannar
 10290 | Lair:2   | Killed a catoblepas
 10295 | Lair:2   | Killed Fannar
 10322 | Lair:2   | Reached ****** piety under Okawaru
 10323 | Lair:2   | Reached skill level 8 in Evocations
 10683 | Lair:2   | Received a gift from Okawaru
 11149 | Lair:3   | Found a hole to the Spider Nest.
 11272 | Lair:3   | Noticed a death yak
 11280 | Lair:3   | Received a gift from Okawaru
 11284 | Lair:3   | Noticed a death yak
 11284 | Lair:3   | Noticed a death yak
 11285 | Lair:3   | Noticed a death yak
 11293 | Lair:3   | Killed a death yak
 11298 | Lair:3   | Killed a death yak
 11302 | Lair:3   | Killed a death yak
 11304 | Lair:3   | Killed a death yak
 11305 | Lair:3   | Reached XP level 13. HP: 63/108 MP: 18/18
 11459 | Lair:3   | Found a staircase to the Shoals.
 11490 | Lair:3   | Found an ancient bone altar of Kikubaaqudgha.
 11738 | Lair:4   | Found a viscous altar of Jiyva.
 11739 | Lair:4   | Found a staircase to the Slime Pits.
 11788 | Lair:4   | Reached skill level 9 in Evocations
 12348 | Lair:4   | Identified the +3 battleaxe "Adididghufym" {antimagic, rF+
                  | Will+}
 12455 | Lair:5   | Entered Level 5 of the Lair of Beasts
 12587 | Lair:5   | Identified the +1 cloak "Coreq" {rN+ Str-5 Int+3 Slay+2}
                  | (Okawaru gifted it to you on level 5 of the Lair of Beasts)
 12587 | Lair:5   | Received a gift from Okawaru
 13388 | Lair:5   | Reached skill level 10 in Polearms
 13388 | Lair:5   | Reached skill level 10 in Evocations
 13388 | Lair:5   | Reached XP level 14. HP: 111/118 MP: 20/20
 13460 | Lair:5   | Identified the +7 rapier of the Gloaming {vorpal, rCorr
                  | Str+3 Stlth+} (Okawaru gifted it to you on level 5 of the
                  | Lair of Beasts)
 13460 | Lair:5   | Received a gift from Okawaru
 13782 | D:12     | Noticed Nessos
 13785 | D:12     | Killed Nessos
 13845 | D:12     | Found a staircase to the Orcish Mines.
 13940 | D:12     | Noticed Rupert
 13942 | D:12     | Killed Rupert
 14334 | D:13     | Noticed Azrael
 14654 | D:13     | Found Ituota Roil's Distillery.
 14936 | D:13     | Identified the +1 dagger "Pyxan" {freeze, Int+8} (Okawaru
                  | gifted it to you on level 13 of the Dungeon)
 14936 | D:13     | Received a gift from Okawaru
 14947 | D:13     | Reached skill level 10 in Fighting
 15098 | D:13     | Found a gate to the Vaults.
 15231 | Spider:1 | Entered Level 1 of the Spider Nest
 15342 | Spider:1 | Identified the +0 pair of gloves of True Grit {rElec Str+3}
                  | (Okawaru gifted it to you on level 1 of the Spider Nest)
 15342 | Spider:1 | Received a gift from Okawaru
 15404 | Spider:1 | Reached skill level 11 in Evocations
 15431 | Spider:1 | Reached skill level 10 in Invocations
 15582 | Spider:1 | Noticed an emperor scorpion
 15588 | Spider:1 | Reached skill level 10 in Long Blades
 15594 | Spider:1 | Killed an emperor scorpion
 15770 | Spider:1 | Reached XP level 15. HP: 122/126 MP: 22/22
 15926 | Spider:1 | Reached skill level 5 in Short Blades
 16400 | Spider:1 | Received a gift from Okawaru
 16969 | Spider:2 | Noticed an emperor scorpion
 16984 | Spider:2 | Killed an emperor scorpion
 17284 | Spider:2 | Received a gift from Okawaru
 17753 | Spider:3 | Reached skill level 12 in Evocations
 18039 | Spider:3 | Noticed an emperor scorpion
 18090 | Spider:3 | Killed an emperor scorpion
 18090 | Spider:3 | Received a gift from Okawaru
 18544 | Spider:3 | Reached XP level 16. HP: 134/136 MP: 24/24
 18798 | Spider:4 | Entered Level 4 of the Spider Nest
 18798 | Spider:4 | Noticed Mara
 18924 | Spider:3 | Identified the +1 pair of gloves of Relativism {Rampage
                  | rPois rN+++ Dex-5} (Okawaru gifted it to you on level 3 of
                  | the Spider Nest)
 18924 | Spider:3 | Received a gift from Okawaru
 19157 | Spider:4 | HP: 5/136 [culicivora (21)]
 19159 | Spider:4 | Mangled by a culicivora

Illustrated notes

Levels and vault maps discovered:
D:1:      dpeg_arrival_three_smaller_balls, layout_basic
D:2:      layout_loops_ring
D:3:      layout_basic, serial_shops, nicolae_shop_stone, st_stairs_9,
          minmay_misc_feat_doors, eino_curves_03, uniq_robin
D:4:      minmay_wonky_spiral, layout_basic,
          mainiacjoe_overflow_surrounded_room, minivault_5
D:5:      layout_cave_pods, uniq_menkaure, uniq_eustachio
D:6:      cheibrodos_barr_body, layout_basic, minmay_crystal_room,
          minmay_pentangle, uniq_maggie, uniq_edmund
D:7:      layout_cave_pools, nicolae_uskayaw_murder_on_the_dancefloor,
          elyvilon_altar_4, minmay_temple_entry_purple_smoke
D:8:      layout_basic, serial_shops, shop_statue, kennysheep_little_box, shop,
          nicolae_shop_window_shopping
D:9:      layout_cave_pools, uniq_prince_ribbit1
D:10:     layout_stronghold, erik_lair_island, serial_shops,
          nicolae_shop_statue_plus, uniq_erolcha
D:11:     layout_roguey
D:12:     layout_loops_ring, orc_0_dummy, chequers_serial_rivers_marsh,
          uniq_lodul, uniq_nessos, uniq_rupert
D:13:     layout_gridville, david_vaults_5, serial_shops,
          nicolae_shop_behind_doors, minmay_fractal_squares_gapless_5,
          uniq_azrael
Temple:   nicolae_temple_bog_church
Lair:1:   layout_long_grid, fungi_pond_lemuel, cheibrodos_lair_reptile_den
Lair:2:   layout_gridlike, uniq_fannar
Lair:3:   layout_roguey, minmay_shoals_entry_hut,
          nicolae_spider_entry_non_spiders, basic_altar, serial_bayou_crossing
Lair:4:   layout_gridlike, slime_entry_1, serial_rivers,
          chequers_serial_rivers_room_a, chequers_serial_rivers_micro_c,
          chequers_serial_rivers_room_a, chequers_serial_rivers_micro_e,
          minivault_27, grunt_megastairs_3, infiniplex_staircase_pool_2
Lair:5:   evilmike_catoblepas_cave, layout_long_grid
Spider:1: layout_chambers, nicolae_spider_undead_wolf_pack
Spider:2: layout_cave_pods
Spider:3: layout_spider_delve
Spider:4: floodkiller_spider_rune_tomb, special_room [special_room_bee],
          uniq_mara

Skill      XL: |  1  2  3  4  5  6  7  8  9 10 11 12 13 14 15 16 |
---------------+-------------------------------------------------+-----
Dodging        | 3 4 5 6 7 8 9 |  9.1
Fighting       | 4 6 7 8 9 10 | 10.8
Polearms       | 1 4 5 6 7 8 10 | 10.6
Long Blades    | 5 6 8 9 10 11 | 11.3
Short Blades   | 3 4 5 6 |  6.0
Throwing       | 3 4 5 6 7 |  7.0
Stealth        | 5 6 7 8 9 |  9.8
Shields        | 5 6 7 9 |  9.1
Evocations     | 1 2 4 5 7 8 10 11 12 | 12.5
Invocations    | 2 4 5 7 8 10 11 | 11.6

Action                   |  1- 3 |  4- 6 |  7- 9 | 10-12 | 13-15 | 16-18 || total
-------------------------+-------+-------+-------+-------+-------+-------++-------
Melee: Long sword        |    62 |       |       |    56 |       |       ||   118
       Tailslap          |     8 |     7 |    23 |    48 |   140 |    15 ||   241
       Glaive            |    13 |    15 |    19 |   136 |   150 |       ||   333
       Falchion          |       |    46 |   108 |    98 |   102 |     3 ||   357
       Dagger            |       |    21 |    21 |    51 |    11 |       ||   104
       Double sword      |       |       |       |    29 |   303 |    43 ||   375
       Rapier            |       |       |       |       |   190 |    18 ||   208
Throw: Stone             |    11 |    14 |    36 |    81 |       |       ||   142
       Boomerang         |       |    11 |     1 |    10 |    32 |       ||    54
       Dart              |       |       |       |    21 |    99 |     3 ||   123
       Javelin           |       |       |       |     1 |       |       ||     1
Invok: Heroism           |       |       |       |     1 |     4 |     2 ||     7
       Finesse           |       |       |       |       |       |     1 ||     1
 Abil: Breathe Steam     |       |       |    23 |    50 |   102 |     3 ||   178
Evoke: Wand              |       |       |       |     2 |     5 |       ||     7
       Condenser vane    |       |       |       |       |     1 |       ||     1
  Use: Scroll            |     1 |       |     2 |     3 |    15 |       ||    21
       Potion            |       |     1 |     3 |       |       |     1 ||     5
 Stab: Sleeping          |       |     5 |     8 |    15 |    43 |     3 ||    74
       Distracted        |       |       |       |     3 |     3 |       ||     6
       Paralysed         |       |       |       |     3 |       |       ||     3
Armor: Skin              |    24 |    20 |    36 |    60 |   296 |    51 ||   487
Dodge: Dodged            |    44 |    43 |    55 |   196 |   515 |   102 ||   955
Block: Buckler           |    17 |    19 |    30 |    51 |    31 |       ||   148
       Kite shield       |       |       |       |       |   486 |    89 ||   575
       Reflection        |       |       |       |       |     3 |       ||     3
